 Dungeon Crawl Stone Soup version 0.27.0-1-g7a089689b8 (webtiles) character file.

Game seed: 6092466003798772634

175 hyperkoen the Ducker (level 5, -4/40 HPs)
             Began as a Djinni Monk on Aug 8, 2021.
             Slain by an iguana (5 damage)
             ... on level 4 of the Dungeon.
             The game lasted 00:14:16 (4074 turns).

hyperkoen the Ducker (Djinni Monk)                  Turns: 4074, Time: 00:14:17

Health: -4/40      AC:  3    Str: 11    XL:     5   Next: 85%
Gold:   132        EV: 14    Int: 11    God:
                   SH:  0    Dex: 16

rFire    + + .     SeeInvis .   i - +3 dagger (pain)
rCold    x . .     Faith    .   (no shield)
rNeg     . . .     Spirit   .   b - +0 robe
rPois    ∞         Reflect  .   (no helmet)
rElec    .         Harm     .   (no cloak)
rCorr    .         Rampage  .   k - +0 pair of gloves
Will     .....                  (boots unavailable)
Stlth    ++........             (no amulet)
HPRegen  0.13/turn              (no ring)
MPRegen  0.00/turn              (no ring)

@: flying
A: sickness immunity, fire resistance 2, cold vulnerability 1, float, innate
caster, hp casting, extra vitality 1
a: no special abilities


You were on level 4 of the Dungeon.
You visited 1 branch of the dungeon, and saw 4 of its levels.

You collected 132 gold pieces.

Inventory:

Hand Weapons
 a - a +0 falchion
 i - a +3 dagger of pain (weapon)
Missiles
 p - 6 boomerangs
Armour
 b - a +0 robe (worn)
 k - a +0 pair of gloves (worn)
Jewellery
 e - a +6 ring of intelligence
 n - a ring of protection from fire
Scrolls
 c - 2 scrolls of amnesia
 f - 3 scrolls of identify
 g - a scroll of fog {unknown}
 l - a scroll of silence {unknown}
Potions
 d - a potion of ambrosia {unknown}
 h - 2 potions of might {unknown}
 j - 3 potions of curing {unknown}
 m - a potion of heal wounds {unknown}
 o - a potion of flight {unknown}


   Skills:
 - Level 3.0 Fighting
 - Level 2.6 Long Blades
 + Level 4.6 Dodging
 - Level 2.2 Stealth
 * Level 2.7 Spellcasting


You had 6 spell levels left.
You knew the following spells:

 Your Spells              Type           Power      Damage    Failure   Level
a - Freeze                Ice            28%        1d5       9%          1
z - Searing Ray           Conj           14%        3d3       14%         2
Your spell library was empty.

Dungeon Overview and Level Annotations

Branches:
Dungeon (4/15)
 Temple: D:4-7

Altars:
Gozag
Nemelex Xobeh
Uskayaw
Wu Jian

Shops:
D:1 *   D:3 [


Innate Abilities, Weirdness & Mutations

You are immune to sickness and miasma.
You are immune to poison.
Your flesh is very heat resistant. (rF++)
You are vulnerable to cold. (rC-)
You float through the air rather than walking.
You learn spells naturally, not from books.
Your magical power is your life essence.
You have superior vitality. (+4 HP)


Message History

* * * LOW HITPOINT WARNING * * *
You hit the iguana.
The iguana is almost dead.
The iguana misses you.
You hit the iguana.
The iguana is almost dead.
The iguana bites you.
* * * LOW HITPOINT WARNING * * *
Casting: Freeze (safe; 9% risk of failure)
Confirm with . or Enter, or press ? or * to list all spells.
You don't have enough health to cast this spell.
Unknown command.
Unknown command.
Casting: Freeze (safe; 9% risk of failure)
Confirm with . or Enter, or press ? or * to list all spells.
Okay, then.
You hit the iguana but do no damage.
The iguana is almost dead.
The iguana is no longer moving slowly.
You closely miss the iguana.
The iguana is almost dead.
The iguana bites you but does no damage.
You hit the iguana but do no damage.
The iguana is almost dead.
The iguana closely misses you.
You hit the iguana but do no damage.
The iguana is almost dead.
The iguana closely misses you.
You barely miss the iguana.
The iguana is almost dead.
The iguana bites you.
* * * LOW HITPOINT WARNING * * *
Casting: Freeze (safe; 9% risk of failure)
Confirm with . or Enter, or press ? or * to list all spells.
You don't have enough health to cast this spell.
Unknown command.
You hit the iguana.
The iguana is almost dead.
The iguana bites you.
You die...

######## .
##.@....## ..
##.l......##
...##..........#
........$.......
..###...........
#...........
..##...........
...............#
................


You could see an iguana.

Vanquished Creatures
  A necrophage (D:3)
  2 adders
  2 dart slugs (D:1)
  8 endoplasms
  4 giant cockroaches
  11 goblins
  3 hobgoblins
  8 jackals
  7 kobolds
  5 quokkas
  6 ball pythons
  5 bats
  2 frilled lizards (D:1)
  A rat (D:2)
65 creatures vanquished.

Notes
Turn   | Place    | Note
-------+----------+-------------------------------------------
     0 | D:1      | hyperkoen the Djinni Monk began the quest for the Orb.
     0 | D:1      | Reached XP level 1. HP: 20/20 MP: 0/0
   196 | D:1      | Reached XP level 2. HP: 24/25 MP: 0/0
   587 | D:1      | Reached XP level 3. HP: 24/30 MP: 0/0
   587 | D:1      | Learned a level 1 spell: Freeze
   894 | D:1      | Found Faromun's Assorted Antiques.
   905 | D:1      | Reached skill level 1 in Spellcasting
  1714 | D:2      | Reached XP level 4. HP: 33/35 MP: 0/0
  1749 | D:2      | Reached skill level 4 in Dodging
  2649 | D:3      | Found Vilo's Antique Armour Boutique.
  2696 | D:3      | Found a sparkling altar of Nemelex Xobeh.
  2701 | D:3      | Noticed a sky beast
  2794 | D:3      | Found an ornate altar of the Wu Jian Council.
  3108 | D:3      | Found a faded altar of an unknown god.
  3315 | D:3      | Found a hide-covered altar of Uskayaw.
  3789 | D:3      | Found an opulent altar of Gozag.
  4012 | D:4      | Noticed a necrophage
  4036 | D:3      | Killed a necrophage
  4037 | D:3      | Reached XP level 5. HP: 37/40 MP: 0/0
  4037 | D:3      | Learned a level 2 spell: Searing Ray
  4068 | D:4      | HP: 1/40 [iguana (3)]
  4073 | D:4      | HP: 1/40 [iguana (1)]
  4074 | D:4      | Slain by an iguana

Illustrated notes

Levels and vault maps discovered:
D:1:      heliophobic_arrival_battle_scene, layout_basic, serial_shops,
          nicolae_shop_overgrown_old_shop
D:2:      layout_rooms
D:3:      layout_loops_ring, mainiacjoe_overflow_boulevard, lemuel_tele_altar,
          mainiacjoe_overflow_small_starburst, grunt_gozag_statues,
          serial_shops, nicolae_shop_trees, basic_ecumenical_altar
D:4:      layout_rooms, serial_glass, glass_columns_a, glass_columns_c,
          glass_columns_b, glass_columns_b, due_unseen_surprise,
          item_on_display_a, serial_shops, shop, chequers_jeans, st_stairs_11

Skill      XL: |  1  2  3  4 |
---------------+-------------+-----
Stealth        | 2 |  2.2
Spellcasting   | 1 2 |  2.7
Dodging        | 4 |  4.6
Fighting       | |  3.0
Long Blades    | |  2.6

Action                   |  1- 3 |  4- 6 || total
-------------------------+-------+-------++-------
Melee: Falchion          |    52 |       ||    52
       Dagger            |    24 |    55 ||    79
 Cast: Freeze            |    13 |    44 ||    57
       Searing Ray       |       |     1 ||     1
  Use: Scroll            |       |     2 ||     2
 Stab: Sleeping          |     5 |     3 ||     8
       Distracted        |     1 |       ||     1
Armor: Robe              |    17 |    17 ||    34
Dodge: Dodged            |    72 |    54 ||   126
       Rpst.: Falchion   |    12 |       ||    12
